 Dungeon Crawl Stone Soup version 0.19.1 (webtiles) character file.

15435 efeel the Arsonist (level 12, -5/66 HPs)
             Began as an Octopode Fire Elementalist on Dec 4, 2016.
             Was an Elder of Vehumet.
             Slain by a salamander
             ... wielding a +0 trident
              (7 damage)
             ... on level 1 of the Lair of Beasts.
             The game lasted 00:59:50 (11979 turns).

efeel the Arsonist (Octopode Fire Elementalist)    Turns: 11979, Time: 00:59:50

Health: -5/66      AC:  1    Str:  8    XL:     12   Next: 27%
Magic:  29/34      EV: 13    Int: 22    God:    Vehumet [****..]
Gold:   675        SH:  4    Dex: 12    Spells: 7 memorised, 9 levels left

rFire  + . .     SeeInvis .     b - +4 trident
rCold  x . .     Gourm    .     D - +0 buckler
rNeg   + . .     Faith    +     (helmet restricted)
rPois  .         Spirit   .     m - amulet of faith
rElec  .         Reflect  .     v - ring of magical power
rCorr  .         Harm     .     p - ring of fire
MR     .....                    G - ring of positive energy
Stlth  +++.......               K - ring of flight
                                (no ring)
                                (no ring)
                                (no ring)
                                (no ring)

@: no status effects
A: almost no armour, stealthy swim, amphibious, 8 rings, constrict 8, camouflage
1, gelatinous body 1
a: Renounce Religion, Evoke Flight


You were on level 1 of the Lair of Beasts.
You worshipped Vehumet.
Vehumet was greatly pleased with you.
You were very hungry.

You visited 3 branches of the dungeon, and saw 13 of its levels.
You also visited: Bailey.

You collected 675 gold pieces.

Inventory:

Hand Weapons
 a - a +2 dagger of venom
 b - a +4 trident (weapon)
Missiles
 c - 266 stones (quivered)
Armour
 D - a +0 buckler (worn)
Jewellery
 m - an amulet of faith (around mantle)
 p - a ring of fire (right tentacle)
 v - a ring of magical power (left tentacle)
 G - a ring of positive energy (on tentacle)
 K - a ring of flight (on tentacle)
 T - an uncursed amulet of regeneration
Wands
 w - a wand of confusion (15/48)
 C - a wand of lightning (9/15)
 H - a wand of digging (12/24)
 N - a wand of paralysis (14/24)
 Q - a wand of disintegration (8/24)
Scrolls
 d - 2 scrolls of teleportation
 e - 2 scrolls of recharging
 j - 3 scrolls of amnesia
 n - 4 scrolls of magic mapping
 y - a scroll of enchant armour
 I - 2 scrolls of enchant weapon {unknown}
 L - 2 scrolls of summoning {unknown}
 O - a scroll of torment {unknown}
 R - a scroll of fog
 U - 2 scrolls of identify
Potions
 h - a potion of cancellation {unknown}
 k - 3 potions of ambrosia
 l - 5 potions of might
 r - 2 potions of agility
 t - a potion of brilliance
 u - 5 potions of flight
 A - 2 potions of curing
 B - 2 potions of haste
 E - 2 potions of mutation {unknown}
 F - 3 potions of lignification
 M - a potion of berserk rage {unknown}
Books
 i - a book of Flames

   Spells                             Type                      Level
   a - Flame Tongue                   Conjuration/Fire             1
   b - Throw Flame                    Conjuration/Fire             2
   c - Conjure Flame                  Conjuration/Fire             3
   d - Inner Flame                    Hexes/Fire                   3
   e - Sticky Flame                   Conjuration/Fire             4
   f - Fireball                       Conjuration/Fire             5
 o - a book of Misfortune

   Spells                             Type                      Level
   a - Confusing Touch                Hexes                        1
   b - Confuse                        Hexes                        3
   c - Gell's Gravitas                Hexes/Translocation          3
   d - Petrify                        Transmutation/Earth          4
   e - Metabolic Englaciation         Hexes/Ice                    5
   f - Yara's Violent Unravelling     Hexes/Transmutation          5
 J - a book of Debilitation

   Spells                             Type                      Level
   a - Corona                         Hexes                        1
   b - Slow                           Hexes                        2
   c - Gell's Gravitas                Hexes/Translocation          3
   d - Inner Flame                    Hexes/Fire                   3
   e - Cause Fear                     Hexes                        4
   f - Leda's Liquefaction            Hexes/Earth                  4
 P - a book of Geomancy

   Spells                             Type                      Level
   a - Sandblast                      Earth                        1
   b - Passwall                       Transmutation/Earth          2
   c - Stone Arrow                    Conjuration/Earth            3
   d - Petrify                        Transmutation/Earth          4
   e - Lee's Rapid Deconstruction     Earth                        5
Comestibles
 f - 3 slices of pizza
 g - 14 fruits
 q - 2 meat rations
 s - 6 bread rations
 x - 4 beef jerkies
 z - 4 royal jellies


   Skills:
 - Level 2.0 Dodging
 - Level 2.6 Stealth
 + Level 3.7 Shields
 * Level 9.3 Spellcasting
 + Level 11.6 Conjurations
 + Level 12.0 Fire Magic


You had 9 spell levels left.
You knew the following spells:

 Your Spells              Type           Power        Failure   Level  Hunger
a - Flame Tongue          Conj/Fire      #####        1%          1    None
b - Throw Flame           Conj/Fire      ######       1%          2    None
c - Conjure Flame         Conj/Fire      #######.     1%          3    None
d - Sticky Flame          Conj/Fire      #######.     1%          4    ##.....
e - Fireball              Conj/Fire      #######...   1%          5    ####...
f - Searing Ray           Conj           ######       1%          2    None
g - Dazzling Spray        Conj/Hex       #####.       1%          3    None


Dungeon Overview and Level Annotations

Branches:
Dungeon (11/15)            Temple (1/1) D:4            Lair (1/6) D:11
    Orc (0/2) D:9

Altars:
Ashenzari
Cheibriados
Dithmenos
Elyvilon
Fedhas
Gozag
Hepliaklqana
Kikubaaqudgha
Makhleb
Nemelex Xobeh
Okawaru
Qazlal
Ru
Sif Muna
Trog
Uskayaw
Vehumet
Xom
Yredelemnul
Zin
The Shining One

Shops:
D:10 (


Innate Abilities, Weirdness & Mutations

You cannot wear most types of armour.
You are very stealthy in the water. (Stealth+)
You are amphibious.
You can wear up to eight rings at the same time.
You can use your tentacles to constrict eight enemies at once.
Your skin changes colour to match your surroundings (Stealth+).
Your rubbery body absorbs attacks. (AC +1, EV +1)


Message History

Okay, then.
Press: ? - help, v - describe, . - travel
Here: a salamander, wielding a trident (severely wounded)
The floor.
Evoke which item? (* to show all) (? for menu, Esc to quit)
Zapping:
N - a wand of paralysis (will waste charges)
Press: ? - help, Shift-Dir - straight line, f/p - salamander
Aim: a salamander, wielding a trident (severely wounded, chance to defeat MR: 28%)
The salamander easily resists.
Evoking this partially-identified wand wasted a few charges.
The salamander hits you from afar with a trident!!
* * * LOW HITPOINT WARNING * * *
You are engulfed in flames.
You resist.
* * * LOW HITPOINT WARNING * * *
Okay, then.
Okay, then.
The salamander hits you from afar with a trident!
* * * LOW HITPOINT WARNING * * *
You are engulfed in flames!
You resist.
You die...

...........# ##....#............
...........# #P....#............
...........#####.................
.................................
...........#........P............
...........P.#....P##............
..............#...####P#.#######.
..............N...## ###.# ##
..............#.@..#####.###
..................###.#..#.#
...........................#
...........................#
..............#............#
..............#########.##.#
#########.##### ###### # ###


You could see a salamander.

Vanquished Creatures
  A death knight (D:11)
  2 unseen horrors
  Pikel (D:4)
  A hill giant (D:11)
  A cyclops (D:11)
  A black mamba (Lair:1)
  A spiny frog (Lair:1)
  A komodo dragon (Lair:1)
  A troll (D:10)
  Grinder (D:3)
  A polar bear (Lair:1)
  3 hippogriffs
  25 yaks
  A fire elemental (Lair:1)
  A basilisk (D:11)
  A hungry ghost (D:11)
  3 water moccasins
  A soldier ant (D:10)
  10 orc warriors
  8 porcupines
  A sky beast (D:7)
  Purgy (D:3)
  2 black bears
  An eye of draining (D:11)
  2 phantoms
  4 ice beasts
  4 ogres
  A centaur (D:10)
  3 crocodiles (D:11)
  A big kobold (D:11)
  A wyvern zombie (D:11)
  11 bullfrogs
  A scorpion (D:7)
  3 killer bees (D:10)
  2 howler monkeys
  A lava snake (Lair:1)
  4 crimson imps
  3 jellies
  2 quasits
  A bullfrog skeleton (D:8)
  7 orc priests
  4 hounds
  12 orc wizards
  8 worker ants
  A killer bee zombie (D:10)
  A worker ant zombie (D:11)
  16 adders
  A river rat (D:11)
  2 shadow imps
  2 oozes
  An adder zombie (D:5)
  An adder skeleton (D:10)
  2 worms
  A dart slug (D:3)
  5 leopard geckos
  53 orcs
  5 bats
  5 giant cockroaches
  7 hobgoblins
  13 jackals
  A quokka (D:6)
  2 ball pythons
  6 frilled lizards
  5 goblins
  A jackal skeleton (D:5)
  19 kobolds
  8 rats
  A fungus (Lair:1)
304 creatures vanquished.

Vanquished Creatures (others)
  A slave (D:4)
  A centaur skeleton (D:4)
  A frilled lizard (D:4)
  A bush (D:11)
  2 fungi (D:11)
  3 plants (D:11)
9 creatures vanquished.

Grand Total: 313 creatures vanquished

Notes
Turn   | Place    | Note
-------+----------+-------------------------------------------
     0 | D:1      | efeel the Octopode Fire Elementalist began the quest for the Orb.
     0 | D:1      | Reached XP level 1. HP: 11/11 MP: 3/3
    59 | D:1      | Reached XP level 2. HP: 12/17 MP: 1/5
   479 | D:2      | Reached XP level 3. HP: 21/21 MP: 6/6
   609 | D:2      | Learned a level 2 spell: Throw Flame
   613 | D:2      | Learned a level 3 spell: Conjure Flame
   716 | D:2      | Reached XP level 4. HP: 27/27 MP: 6/8
   836 | D:2      | Reached skill level 4 in Fire Magic
  1091 | D:2      | Found a faded altar of an unknown god.
  1091 | D:2      | Found a faded altar of an unknown god.
  1097 | D:2      | Found a faded altar of an unknown god.
  1101 | D:2      | Found a faded altar of an unknown god.
  1102 | D:2      | Found a shadowy altar of Dithmenos.
  1499 | D:3      | Reached XP level 5. HP: 29/31 MP: 5/9
  1542 | D:3      | Found a bloodstained altar of Trog.
  1551 | D:3      | Noticed Purgy
  1701 | D:2      | Learned a level 4 spell: Sticky Flame
  1957 | D:3      | Noticed Grinder
  2608 | D:3      | Reached XP level 6. HP: 28/36 MP: 8/10
  2691 | D:4      | Reached skill level 5 in Fire Magic
  2808 | D:4      | Found an iron altar of Okawaru.
  2863 | D:4      | Noticed an orc warrior
  2941 | D:3      | You fall through a shaft for 2 floors!
  2941 | D:5      | Entered Level 5 of the Dungeon
  2954 | D:5      | Reached XP level 7. HP: 33/41 MP: 11/11
  3200 | D:5      | Reached skill level 5 in Conjurations
  3269 | D:5      | Reached skill level 6 in Fire Magic
  3486 | D:4      | Noticed Pikel
  3533 | D:4      | Killed Pikel
  3533 | D:4      | Reached skill level 7 in Fire Magic
  3533 | D:4      | Reached XP level 8. HP: 38/46 MP: 8/12
  3828 | D:4      | Found a staircase to the Ecumenical Temple.
  3846 | Temple   | Entered the Ecumenical Temple
  3950 | Temple   | Became a worshipper of Vehumet
  4046 | D:3      | Killed Purgy
  4130 | D:3      | Paralysed by Grinder for 4 turns
  4138 | D:3      | Killed Grinder
  4138 | D:3      | Reached skill level 8 in Fire Magic
  4138 | D:3      | Reached XP level 9. HP: 48/51 MP: 6/13
  4351 | D:4      | Got a dazzling long sword
  4352 | D:4      | Identified the cursed +3 long sword "Pejic" {flame, *Slow rF+ rN+} (You found it on level 4 of the Dungeon)
  5145 | D:7      | Reached * piety under Vehumet
  5145 | D:7      | Offered knowledge of Magic Dart by Vehumet.
  5544 | D:7      | Found a basalt altar of Yredelemnul.
  5546 | D:7      | Found a burning altar of Makhleb.
  5548 | D:7      | Found a blossoming altar of Fedhas.
  5577 | D:7      | Reached skill level 9 in Fire Magic
  6521 | D:8      | Found a hazy altar of Hepliaklqana.
  6522 | D:8      | Found a stormy altar of Qazlal.
  6522 | D:8      | Found an ancient bone altar of Kikubaaqudgha.
  6522 | D:8      | Found a shattered altar of Ashenzari.
  6523 | D:8      | Reached skill level 10 in Fire Magic
  6529 | D:8      | Found a hide-covered altar of Uskayaw.
  6534 | D:8      | Found a shimmering altar of Xom.
  6617 | D:8      | Reached ** piety under Vehumet
  6680 | D:8      | Reached XP level 10. HP: 48/56 MP: 14/14
  6722 | D:8      | Learned a level 5 spell: Fireball
  6800 | D:9      | Offered knowledge of Searing Ray by Vehumet.
  6898 | D:9      | Found a basalt altar of Yredelemnul.
  7109 | D:9      | Found a flagged portal.
  7130 | Bailey   | Entered a bailey
  7152 | Bailey   | Noticed an orc knight
  7416 | D:9      | Reached skill level 10 in Conjurations
  7485 | D:9      | Learned a level 2 spell: Searing Ray
  7837 | D:9      | Found a staircase to the Orcish Mines.
  8124 | D:10     | Entered Level 10 of the Dungeon
  8171 | D:10     | Offered knowledge of Static Discharge by Vehumet.
  8411 | D:10     | Found Aseacs's Weapon Emporium.
  8488 | D:10     | Reached skill level 5 in Spellcasting
  8668 | D:10     | Noticed an unseen horror
  8673 | D:10     | Killed an unseen horror
  9107 | D:11     | Reached skill level 11 in Fire Magic
  9107 | D:11     | Reached *** piety under Vehumet
  9196 | D:11     | Reached XP level 11. HP: 61/61 MP: 20/20
  9271 | D:11     | Offered knowledge of Mephitic Cloud by Vehumet.
  9392 | D:11     | Noticed a death knight
  9464 | D:11     | Killed a death knight
  9731 | D:11     | Noticed a hill giant
  9731 | D:11     | Noticed a cyclops
  9734 | D:11     | Killed a cyclops
  9753 | D:11     | Killed a hill giant
  9753 | D:11     | Reached skill level 1 in Shields
  9997 | D:11     | Reached **** piety under Vehumet
 10076 | D:11     | Offered knowledge of Dazzling Spray by Vehumet.
 10288 | D:11     | Noticed an unseen horror
 10290 | D:11     | Killed an unseen horror
 10388 | D:11     | Found a staircase to the Lair.
 10694 | Lair:1   | Entered Level 1 of the Lair of Beasts
 10985 | Lair:1   | Reached XP level 12. HP: 28/66 MP: 24/24
 11030 | Lair:1   | Learned a level 3 spell: Dazzling Spray
 11496 | Lair:1   | Reached skill level 12 in Fire Magic
 11979 | Lair:1   | HP: 2/66 [salamander/trident (8)]
 11979 | Lair:1   | Slain by a salamander

Skill      XL: |  1  2  3  4  5  6  7  8  9 10 11 12 |
---------------+-------------------------------------+-----
Conjurations   | 2 3 4 6 7 9 10 11 | 11.6
Spellcasting   | 3 6 8 9 |  9.3
Fire Magic     | 4 5 7 8 10 11 12 | 12.0
Shields        | 3 |  3.7
Dodging        | |  2.0
Stealth        | |  2.6

Action                   |  1- 3 |  4- 6 |  7- 9 | 10-12 || total
-------------------------+-------+-------+-------+-------++-------
Melee: Dagger            |    30 |    60 |    70 |    23 ||   183
       Constrict         |     8 |    18 |    23 |     9 ||    58
       Tentacles         |     1 |    13 |    12 |     5 ||    31
       Trident           |       |    12 |    11 |    47 ||    70
       Long sword        |       |       |     9 |       ||     9
Throw: Stone             |    16 |     9 |       |       ||    25
 Cast: Flame Tongue      |    20 |    55 |   162 |   110 ||   347
       Conjure Flame     |       |     3 |     5 |    20 ||    28
       Throw Flame       |       |    10 |    24 |    91 ||   125
       Sticky Flame      |       |     1 |    15 |    21 ||    37
       Fireball          |       |       |       |    42 ||    42
       Searing Ray       |       |       |       |     5 ||     5
       Dazzling Spray    |       |       |       |    21 ||    21
Evoke: Wand              |       |       |       |     1 ||     1
  Use: Scroll            |       |       |    17 |     2 ||    19
       Potion            |       |       |       |     1 ||     1
 Stab: Sleeping          |     6 |     6 |     5 |     2 ||    19
  Eat: Chunk             |       |     8 |    15 |    24 ||    47
       Fruit             |       |       |     1 |       ||     1
       Beef jerky        |       |       |       |     3 ||     3
Armor: Skin              |     2 |     4 |     1 |     7 ||    14
Dodge: Dodged            |    20 |    43 |    63 |    47 ||   173
Block: Buckler           |       |       |       |    11 ||    11
       Rpst.: Long sword |       |       |     3 |       ||     3
